AoeStats
← Green Assassin

African Clearing

505310138Analyzed
4v4 RM · 23d ago on Sep 8, 2026· 63m 58s· 8 players
Game mode
Random Map
Map size
Large (8 player)
Population
200
Speed
Normal
Resources
Standard
Victory
Conquest
Starting age
Dark Age
Ending age
Imperial Age
RankedLock teamsTeams togetherTeam positionsShared explorationLock speedFull tech treeHidden civsTurbo modeCheats
Victory
Defeat
🇦🇹 Huns · Austria
1221
+16
🇲🇽 Persians · Mexico
1199
+17
🇬🇧 Teutons · United Kingdom
1197
+17
🇩🇪 Romans · Germany
1158
+19
🇨🇦 Japanese · Canada
1332
-21
🇫🇷 Maya · France
1325
-21
🇫🇷 Persians · France
1209
-17
🇫🇷 Britons · France
1036
-10
docsparkles
6:32 Loom
12:11 Feudal Age
15:28 Double-Bit Axe
16:50 Scale Barding Armor
16:55 Forging
18:57 Bloodlines
22:17 Castle Age
21:51 Horse Collar
23:24 Chain Barding Armor
24:00 Iron Casting
24:26 Wheelbarrow
23:36 Town Watch
32:11 Bow Saw
40:54 Imperial Age
39:37 Pikeman
40:22 Squires
40:59 Town Patrol
41:32 Cavalier
43:11 Plate Barding Armor
43:37 Blast Furnace
44:06 Fletching
45:04 Halberdier
48:29 Paladin
54:54 Bodkin Arrow
56:04 Crenellations
62:28 Capped Ram
Ux'RaulitoMD
3:53 Loom
20:05 Feudal Age
21:06 Man-at-Arms
21:56 Double-Bit Axe
23:09 Fletching
23:32 Scale Mail Armor
23:47 Forging
23:43 Scale Barding Armor
26:35 Castle Age
24:50 Bloodlines
26:18 Horse Collar
27:56 Wheelbarrow
27:07 Town Watch
27:28 Husbandry
26:48 Light Cavalry
28:16 Bow Saw
30:27 Bodkin Arrow
35:16 Chain Barding Armor
38:01 Gold Mining
39:40 Hand Cart
39:26 Town Patrol
43:35 Heavy Plow
47:13 Imperial Age
47:13 Gold Shaft Mining
46:29 Stone Mining
46:54 Masonry
46:40 Murder Holes
47:06 Ballistics
49:10 Crop Rotation
49:30 Citadels
49:41 Conscription
50:56 Plate Barding Armor
50:57 Iron Casting
50:39 Chain Mail Armor
50:26 Cavalier
50:27 Hussar
51:49 Savar
52:32 Heavy Camel Rider
59:39 Stone Shaft Mining
59:40 Architecture
60:11 Chemistry
59:02 Guard Tower
61:06 Blast Furnace
60:36 Plate Mail Armor
60:07 Padded Archer Armor
Green Assassin
4:09 Loom
15:19 Feudal Age
16:11 Double-Bit Axe
22:02 Castle Age
23:43 Fletching
25:07 Ballistics
37:59 Ballistas
38:20 Fishing Lines
40:30 Wheelbarrow
41:59 Bow Saw
42:48 Gold Mining
45:43 Squires
45:03 Pikeman
48:25 Imperial Age
46:31 Scale Mail Armor
46:42 Forging
47:31 Chain Mail Armor
48:57 Heavy Scorpion
52:05 Chemistry
51:11 Siege Engineers
50:41 Halberdier
59:35 Conscription
60:50 Elite Centurion
62:13 Hand Cart
63:12 Bloodlines
63:02 Husbandry
63:11 Scale Barding Armor
63:42 Iron Casting
63:10 Caravan
63:37 Spies/Treason
Stellar_21
13:13 Feudal Age
17:03 Castle Age
15:56 Loom
16:00 Double-Bit Axe
19:11 Bow Saw
19:52 Fletching
20:25 Gold Mining
22:40 Ballistics
24:09 Bodkin Arrow
31:06 Husbandry
32:37 Padded Archer Armor
35:11 Wheelbarrow
34:22 Town Watch
35:06 Thumb Ring
37:22 Bloodlines
37:25 Stone Mining
38:10 Gold Shaft Mining
40:39 Imperial Age
39:28 Masonry
39:36 Leather Archer Armor
40:46 Scale Barding Armor
40:52 Forging
41:23 Bracer
41:48 Conscription
42:37 Parthian Tactics
43:46 Chain Barding Armor
45:51 Plate Barding Armor
45:52 Iron Casting
46:29 Heavy Cavalry Archer
48:38 Horse Collar
50:45 Heavy Plow
52:07 Elite Tarkan
54:50 Chemistry
57:45 Iron Casting
choka60
12:39 Feudal Age
17:06 Castle Age
17:40 Double-Bit Axe
18:40 Scale Mail Armor
18:52 Forging
20:53 Bow Saw
20:42 Loom
22:04 Pikeman
25:35 Chain Mail Armor
29:31 Wheelbarrow
31:42 Iron Casting
31:01 Man-at-Arms
33:57 Horse Collar
35:45 Hand Cart
35:16 Town Watch
35:47 Crossbowman
36:19 Fletching
36:30 Padded Archer Armor
37:23 Elite Skirmisher
38:01 Bodkin Arrow
40:11 Ballistics
42:22 Imperial Age
39:53 Town Patrol
43:05 Halberdier
48:03 Chemistry
47:06 Bracer
Torchon
14:30 Feudal Age
14:34 Loom
18:12 Castle Age
17:05 Double-Bit Axe
18:19 Padded Archer Armor
18:16 Gold Mining
18:37 Crossbowman
19:47 Fletching
24:50 Bodkin Arrow
27:56 Leather Archer Armor
31:53 Pikeman
32:33 Squires
36:20 Scale Mail Armor
42:45 Chain Mail Armor
42:42 Forging
45:17 Stone Mining
50:26 Wheelbarrow
54:17 Imperial Age
Alboboff
11:58 Feudal Age
15:42 Castle Age
14:46 Double-Bit Axe
18:38 Loom
19:09 Horse Collar
23:50 Pikeman
29:08 Wheelbarrow
36:24 Heavy Plow
36:32 Town Watch
39:30 Imperial Age
37:42 Bloodlines
37:33 Husbandry
38:41 Scale Barding Armor
38:47 Forging
39:44 Chain Barding Armor
39:29 Cavalier
40:47 Conscription
40:54 Hand Cart
40:19 Heavy Camel Rider
43:59 Chemistry
43:29 Thumb Ring
44:02 Plate Barding Armor
43:28 Padded Archer Armor
45:44 Iron Casting
45:53 Bow Saw
46:15 Crop Rotation
49:42 Onager
50:34 Town Patrol
54:56 Light Cavalry
57:26 Blast Furnace
57:18 Fletching
58:34 Bodkin Arrow
Cawottes
14:22 Feudal Age
18:12 Castle Age
16:16 Loom
20:14 Wheelbarrow
19:36 Double-Bit Axe
20:01 Horse Collar
22:00 Bow Saw
28:12 Ballistics
31:21 Gold Mining
31:22 Stone Mining
32:17 Fletching
35:30 Hand Cart
40:26 Imperial Age
37:50 Town Watch
38:29 Yeomen
38:25 Bodkin Arrow
39:01 Padded Archer Armor
39:21 Town Patrol
40:13 Leather Archer Armor
40:39 Elite Longbowman
42:58 Two-Man Saw
42:01 Bracer
43:16 Conscription
43:32 Ring Archer Armor
44:14 Chemistry
44:33 Gold Shaft Mining
44:01 Heavy Plow
43:53 Treadmill Crane
45:43 Block Printing
46:09 Theocracy
46:00 Illumination
46:39 Hoardings
54:14 Coinage
63:32 Murder Holes
Connection lost

Rejoining the realm…

Still unreachable

The connection could not be restored.

Session expired

The server has moved on; the page needs a fresh start.